 Seeded DCSS version 0.32-a0-450-g080537f31e (webtiles) character file.

Game seed: 6965631656755398118 (custom seed)

179 CougarLife the Digger (level 5, -10/28 HPs)
             Began as a Gargoyle Earth Elementalist on Feb 23, 2024.
             Blown up by Ijyb (17 damage)
             ... with a mindburst bolt
             ... on level 3 of the Dungeon.
             The game lasted 00:02:23 (2769 turns).

CougarLife the Digger (Gargoyle Earth Elementalist) Turns: 2769, Time: 00:02:23

Health: -10/28     AC:  7    Str: 12    XL:     5   Next: 59%
Magic:  5/10       EV: 11    Int: 17    God:
Gold:   123        SH:  0    Dex: 10    Spells: 9/10 levels left

rFire   . . .        d - +1 dagger (venom)
rCold   . . .        (no shield)
rNeg    + . .        a - +0 robe
rPois   ∞            i - +0 helmet
rElec   +            (no cloak)
rCorr   .            (no gloves)
SInv    .            (no boots)
Will    .....        (no amulet)
Stlth   ++           (no ring)
HPRegen 0.24/turn    (no ring)
MPRegen 0.12/turn

%: no passive effects
@: very slightly contaminated
A: sickness immunity, AC +4, negative energy resistance 1, electricity
resistance, torment resistance 1, petrification resistance
a: no special abilities


You were on level 3 of the Dungeon.
You visited 1 branch of the dungeon, and saw 3 of its levels.

You collected 123 gold pieces.

Inventory:

Hand Weapons
 d - a +1 dagger of venom (weapon)
Armour
 a - a +0 robe (worn)
 i - a +0 helmet (worn)
Wands
 k - a wand of roots (6)
Scrolls
 g - a scroll of acquirement {unknown}
 h - a scroll of amnesia {unknown}
 j - a scroll of identify {unknown}
 m - a scroll of poison {unknown}
Potions
 b - a potion of magic
 c - a potion of enlightenment {unknown}
 e - a potion of lignification {unknown}
 f - a potion of heal wounds {unknown}
 l - a potion of resistance {unknown}


   Skills:
 - Level 1.5 Dodging
 - Level 2.1 Stealth
 + Level 3.4 Spellcasting
 + Level 3.3 Conjurations
 + Level 5.1 Earth Magic


You had 9 spell levels left.
You knew the following spells:

 Your Spells              Type           Power      Damage    Failure   Level
a - Sandblast             Erth           40%        2d10      1%          1

Your spell library contained the following spells:

 Spells                   Type           Power      Damage    Failure   Level
 Passwall                 Erth           20%        N/A       6%          3
 Stone Arrow              Conj/Erth      34%        3d9       9%          3
 Momentum Strike          Conj/Tloc      16%        3d8       13%         2
 Blink                    Tloc           4%         N/A       26%         2
 Lesser Beckoning         Tloc           4%         N/A       26%         2
 Brom's Barrelling Bould  Conj/Erth      17%        2d4       28%         4
 Petrify                  Alch/Erth      11%        N/A       50%         4
 Borgnjor's Vile Clutch   Necr/Erth      5%         N/A       85%         5
 Animate Dead             Necr           2%         N/A       86%         4
 Death Channel            Necr           1%         N/A       100%        6


Dungeon Overview and Level Annotations

Branches:
Dungeon (3/15)

Altars:

Shops:
D:1 (!   D:2 *

Annotations:
D:3 3 runed translucent doors, GreenGuy14's ghost, weakling CoGl; Ijyb


Innate Abilities, Weirdness & Mutations

You are immune to sickness and miasma.
Your stone body is resilient. (AC +4)
You are immune to poison.
You resist negative energy. (rN+)
You are resistant to electric shocks. (rElec)
You are resistant to unholy torment.
You are immune to petrification.


Message History

You miscast Sandblast.
You are very lightly contaminated with residual magic.
Nothing appears to happen.
The adder bites you but does no damage.
Ijyb zaps a wand.
You barely resist.
The blast of sand hits the adder!
The adder is almost dead.
The adder bites you. x2
Casting: Sandblast (safe; 1% risk of failure)
Confirm with . or Enter, or press ? or * to list all spells.
Aiming: Sandblast (safe; 1% risk of failure)
Press: ? - help, Shift-Dir - straight line, f - Ijyb, p - adder
Aim: Ijyb, wielding a +0 dagger, wearing a +0 leather armour and carrying a wand of mindburst (79% to hit)
The blast of sand hits Ijyb.
Ijyb is moderately wounded.
The adder bites you.
Ijyb zaps a wand.
Your mind is blasted!
The adder closely misses you. Ijyb hits you but does no damage.
Casting: Sandblast (safe; 1% risk of failure)
Confirm with . or Enter, or press ? or * to list all spells.
Aiming: Sandblast (safe; 1% risk of failure)
Press: ? - help, Shift-Dir - straight line, f/p - Ijyb
Aim: Ijyb, wielding a +0 dagger, wearing a +0 leather armour and carrying a wand of mindburst (moderately wounded, 79% to hit)
The blast of sand hits Ijyb.
Ijyb is heavily wounded.
The adder closely misses you.
Ijyb zaps a wand.
Your mind is blasted!
* * * LOW HITPOINT WARNING * * *
The adder closely misses you.
Casting: Sandblast (safe; 1% risk of failure)
Confirm with . or Enter, or press ? or * to list all spells.
Aiming: Sandblast (safe; 1% risk of failure)
Press: ? - help, Shift-Dir - straight line, f/p - Ijyb
Aim: Ijyb, wielding a +0 dagger, wearing a +0 leather armour and carrying a wand of mindburst (heavily wounded, 79% to hit)
The blast of sand hits Ijyb.
Ijyb is severely wounded.
The adder bites you.
* * * LOW HITPOINT WARNING * * *
Ijyb closely misses you. The adder completely misses you.
Ijyb zaps a wand.
Your mind is blasted!
Ouch! That really hurt!
You die...
Ijyb moans, "Good help so hard to find!"

#..!# ...
#.#.# ... .
##...##..
#.##.......
.........
#.....
#..g#####
#@....#
#S####.#
... #.#
#### #.#
#.# #.# #.#
#.# #.#


You could see Ijyb and an adder.

Vanquished Creatures
  Natasha (thrice) (D:2)
  Robin (D:2)
  A gnoll (D:1)
  2 adders
  2 ribbon worms
  4 ball pythons
  4 endoplasms
  A giant cockroach (D:1)
  10 goblins (D:2)
  4 hobgoblins (D:2)
  7 jackals
  5 kobolds
  3 quokkas (D:2)
  5 bats
  3 frilled lizards (D:1)
  2 rats (D:1)
57 creatures vanquished.

Notes
Turn   | Place    | Note
-------+----------+-------------------------------------------
     0 | D:1      | CougarLife the Gargoyle Earth Elementalist began the quest
                  | for the Orb.
     0 | D:1      | Reached XP level 1. HP: 10/10 MP: 3/3
    72 | D:1      | Found Ashripp's Weapon Shoppe.
   114 | D:1      | Reached XP level 2. HP: 10/15 MP: 0/5
   327 | D:1      | Reached skill level 4 in Earth Magic
   796 | D:1      | Reached XP level 3. HP: 9/19 MP: 2/6
   918 | D:1      | Found Baxzixzy's Distillery.
  1715 | D:2      | Noticed Natasha
  1719 | D:2      | Killed Natasha
  1720 | D:2      | Reached XP level 4. HP: 18/24 MP: 5/8
  1802 | D:2      | Found Sozous's Assorted Antiques.
  1847 | D:2      | Noticed Natasha
  1851 | D:2      | Killed Natasha
  1982 | D:2      | Identified the +2 kite shield of Untold Secrets {Str+4
                  | Int+5 Slay-3 SInv}
  2089 | D:2      | Noticed Robin
  2096 | D:2      | Killed Robin
  2097 | D:2      | Reached XP level 5. HP: 28/28 MP: 5/9
  2336 | D:2      | Noticed Natasha
  2339 | D:2      | Killed Natasha
  2340 | D:2      | Reached skill level 5 in Earth Magic
  2670 | D:3      | Found a runed translucent gate.
  2677 | D:3      | Found a runed translucent gate.
  2677 | D:3      | Identified the +1 leather armour of Insurance {Rampage
                  | rCorr}
  2677 | D:3      | Noticed GreenGuy14's ghost (weakling CoGl)
  2678 | D:3      | Found a runed translucent gate.
  2764 | D:3      | Noticed Ijyb
  2769 | D:3      | Blown up by Ijyb

Illustrated notes

Levels and vault maps discovered:
D:1:      dpeg_arrival_solitude, layout_loops_corners, serial_shops, shop, shop
D:2:      layout_loops_cross, serial_shops, shop, uniq_natasha, uniq_robin
D:3:      layout_loops_ring, biasface_ghost_orc_armoury, serial_shops,
          nicolae_shop_tiny_real_fake_doors, uniq_ijyb

Skill      XL: |  1  2  3  4  5 |
---------------+----------------+-----
Earth Magic    | 4 5 |  5.1
Conjurations   | 2 3 |  3.3
Spellcasting   | 3 |  3.4
Dodging        | |  1.5
Stealth        | |  2.1

Action                     |  1- 3 |  4- 6 || total
---------------------------+-------+-------++-------
  Melee: Unarmed           |    10 |       ||    10
         Dagger            |     1 |       ||     1
   Cast: Sandblast         |    41 |    43 ||    84
 Armour: Robe              |    28 |    15 ||    43
  Dodge: Dodged            |    38 |    14 ||    52

Table legend: (Time is in decaauts)
 A = Elapsed time spent in this place.
 B = Non-inter-level travel time spent in this place.
 C = Inter-level travel time spent in this place.
 D = Time resting spent in this place.
 E = Time spent auto-exploring this place.
 F = Levels seen in this place.
 G = Mean time per level.
                   A        B        C        D        E       F      G
               +--------+--------+--------+--------+--------+-----+--------+
         Total |   2809 |   2664 |    145 |    540 |   1793 |   3 |  936.3 |
       Dungeon |   2809 |   2664 |    145 |    540 |   1793 |   3 |  936.3 |
               +--------+--------+--------+--------+--------+-----+--------+

Top non-repeatable levels by time:
     D:2: 1359 daAuts
     D:1: 1176 daAuts
     D:3: 273 daAuts
